 Dungeon Crawl Stone Soup version 0.27-b1-2-g8387495791 (webtiles) character file.

Game seed: 17299761852835856686

312 serketcity the Covered (level 6, 0/56 HPs)
             Began as a Minotaur Fighter on July 25, 2021.
             Slain by Dowan (5 damage)
             ... on level 4 of the Dungeon.
             The game lasted 00:17:33 (1698 turns).

serketcity the Covered (Minotaur Fighter)           Turns: 1698, Time: 00:17:34

Health: 0/56       AC:  7    Str: 22    XL:     6   Next: 18%
Magic:  5/5        EV:  7    Int:  5    God:
Gold:   133        SH: 10    Dex: 10    Spells: 5/5 levels left

rFire    . . .     SeeInvis .   a - +0 war axe
rCold    . . .     Faith    .   c - +0 kite shield
rNeg     . . .     Spirit   .   b - +0 scale mail
rPois    .         Reflect  .   (helmet restricted)
rElec    .         Harm     .   (no cloak)
rCorr    .         Rampage  .   (no gloves)
Will     .....                  (no boots)
Stlth    ..........             (no amulet)
HPRegen  0.18/turn              (no ring)
MPRegen  0.09/turn              (no ring)

@: lethally poisoned (0 -> -12), hasted, very quick
A: horns 2, retaliatory headbutt
a: no special abilities


You were on level 4 of the Dungeon.
You visited 1 branch of the dungeon, and saw 4 of its levels.

You collected 133 gold pieces.

Inventory:

Hand Weapons
 a - a +0 war axe (weapon)
 d - a +1 dagger of venom
 e - a +0 short sword
 f - a +0 dagger
 j - a +0 whip
 k - a +0 club
 l - a +0 club
 m - a +0 hunting sling
 q - a +0 dagger
Missiles
 i - 29 stones (quivered)
 n - 23 arrows
 v - 9 bolts
Armour
 b - a +0 scale mail (worn)
 c - a +0 kite shield (worn)
 p - a +0 robe
 u - a +0 cloak
Magical Staves
 y - a staff of poison
Jewellery
 o - a ring of magical power
 s - a ring of wizardry
Wands
 t - a wand of digging (4)
Scrolls
 g - 2 scrolls of teleportation {unknown}
 h - 3 scrolls of identify
Potions
 x - a potion of flight {unknown}
 z - 2 potions of ambrosia {unknown}
 A - a potion of brilliance


   Skills:
 + Level 5.2 Fighting
 + Level 4.4 Axes
 + Level 5.2 Armour
 + Level 5.2 Shields


You had 5 spell levels left.
You didn't know any spells.
Your spell library contained the following spells:

 Spells                   Type           Power      Damage    Failure   Level
 Gell's Gravitas          Tloc           0%         N/A       100%        3
 Lesser Beckoning         Tloc           0%         N/A       100%        3
 Teleport Other           Tloc           0%         N/A       100%        3


Dungeon Overview and Level Annotations

Branches:
Dungeon (4/15)
 Temple: D:4-7

Altars:

Annotations:
D:4 Dowan


Innate Abilities, Weirdness & Mutations

You have a pair of horns on your head.
You reflexively headbutt those who attack you in melee.


Message History

You hit Duvessa but do no damage. You headbutt Duvessa!
Duvessa is moderately wounded.
Dowan smirks and points a slender finger.
Dowan points at you and mumbles some strange words.
The puff of flame hits you. Duvessa hits you but does no damage.
You slash Duvessa!
Duvessa is severely wounded.
You block Duvessa's attack.
You slash Duvessa!
You kill Duvessa!
Dowan's eyes darken. "You have made a black mistake."
Dowan seems to find hidden reserves of power!
You slash Dowan!
The centaur shoots an arrow.
The arrow hits you.
Dowan hits you with a +2 dagger of venom.
* * * LOW HITPOINT WARNING * * *
You are poisoned.
Your Fighting skill increases to level 5!
Your Armour skill increases to level 5!
Your Shields skill increases to level 5!
You have reached level 6!
Your experience leads to an increase in your attributes!
Increase (S)trength, (I)ntelligence, or (D)exterity?
You feel stronger.
As you read the scroll of fear, it crumbles to dust.
You assume a fearsome visage.
Dowan resists with some effort.
The centaur looks frightened!
You feel sick. Dowan closely misses you.
You miss Dowan. Your headbutt misses Dowan.
Dowan is heavily wounded.
* * * LOW HITPOINT WARNING * * *
You feel very sick. You block Dowan's attack.
Dowan hits you with a +2 dagger of venom.
* * * LOW HITPOINT WARNING * * *
You are lethally poisoned!
You hit Dowan. Your headbutt misses Dowan.
Dowan is severely wounded.
* * * LOW HITPOINT WARNING * * *
You feel very sick.
Dowan hits you with a +2 dagger of venom.
You die...

#.#.# ##.#)#
####....#
.....#...
####..... ##.#..
#.#.. #.#########
###.#..
#.c....)@.#
#......
###.###.##e#
#.#.#..
....e.....#.######
#....
###.###c.###......
#####
#......#.......
##.####..#### #.
#..# # #.<# #..#


You could see Dowan (fast) and a centaur (fleeing).

Vanquished Creatures
  Duvessa (D:4)
  2 orc wizards (D:3)
  A scorpion zombie (D:3)
  3 hound zombies (D:3)
  A hound skeleton (D:3)
  3 adders
  An adder zombie (D:3)
  An adder skeleton (D:3)
  A dart slug (D:2)
  An orc (D:3)
  2 ball pythons
  2 endoplasms
  A giant cockroach (D:1)
  4 goblins
  4 hobgoblins
  4 quokkas
  A ball python skeleton (D:3)
  2 frilled lizards (D:2)
  A jackal skeleton (D:3)
  3 kobolds
  2 quokka skeletons (D:3)
  4 rats
45 creatures vanquished.

Vanquished Creatures (others)
  11 withered plants (D:3)
11 creatures vanquished.

Grand Total: 56 creatures vanquished

Notes
Turn   | Place    | Note
-------+----------+-------------------------------------------
     0 | D:1      | serketcity the Minotaur Fighter began the quest for the
                  | Orb.
     0 | D:1      | Reached XP level 1. HP: 19/19 MP: 0/0
   208 | D:1      | Reached XP level 2. HP: 16/27 MP: 1/1
   760 | D:2      | Reached XP level 3. HP: 16/33 MP: 2/2
   999 | D:3      | Reached XP level 4. HP: 30/41 MP: 3/3
  1198 | D:3      | Reached XP level 5. HP: 27/47 MP: 4/4
  1682 | D:4      | Noticed Duvessa
  1682 | D:4      | Noticed Dowan
  1682 | D:4      | Noticed a centaur
  1695 | D:4      | Killed Duvessa
  1696 | D:4      | Reached skill level 5 in Fighting
  1696 | D:4      | Reached skill level 5 in Armour
  1696 | D:4      | Reached skill level 5 in Shields
  1696 | D:4      | Reached XP level 6. HP: 15/56 MP: 5/5
  1698 | D:4      | Slain by Dowan

Illustrated notes

Levels and vault maps discovered:
D:1:      dpeg_arrival_round_c, layout_basic, serial_bayou_ford_a,
          hangedman_decor_points
D:2:      layout_loops_corners, serial_shops, shop, st_stairs_7,
          kennysheep_generic_room_9
D:3:      layout_loops_ring, serial_undead, serial_undead_c, serial_undead_a,
          serial_undead_c, serial_undead_a, serial_undead_e, serial_undead_c,
          serial_undead_e, serial_undead_f, serial_undead_f, serial_undead_d,
          minmay_misc_feat_chi
D:4:      layout_loops_ring, grunt_dithmenos_smoke_and_mirrors,
          mainiacjoe_overflow_alcove_2, dk_noncrumbling_2, uniq_duvessa

Skill      XL: |  1  2  3  4  5 |
---------------+----------------+-----
Axes           | 3 4 |  4.4
Armour         | 4 5 |  5.2
Shields        | 4 5 |  5.2
Fighting       | 4 5 |  5.2

Action                   |  1- 3 |  4- 6 || total
-------------------------+-------+-------++-------
Melee: War axe           |    77 |    87 ||   164
       Headbutt          |    12 |    22 ||    34
       Dagger            |     6 |     5 ||    11
 Fire: Hunting sling     |     3 |       ||     3
Throw: Stone             |     3 |     1 ||     4
  Use: Potion            |     1 |     2 ||     3
       Scroll            |     1 |     2 ||     3
Armor: Scale mail        |    29 |    35 ||    64
Dodge: Dodged            |    19 |    20 ||    39
Block: Kite shield       |    34 |    41 ||    75
